Map: Alcyone LE

Players

glandosaure

  • Race: Protoss Protoss
  • League: Diamond
  • Spawn Location: 7:00

SubN - Winner!

  • Race: Zerg Zerg
  • League: Diamond
  • Spawn Location: 1:00

VOD

Have the link to the VOD?

Description

Time

  • Played on: Jan. 22, 2024, 12:44 p.m.
  • Length: 6:59
Show
View Real Time Build Order
Export as new Build Order

glandosaure Protoss 

Build Orders: Zealot Archon 

Get SALT Encoding   

  12  0:00  Probe  
  13  0:16  Pylon  
  13  0:19  Probe  
  14  0:35  Forge  
  14  0:49  Pylon  
  14  1:14  Probe (Chrono Boost)  
  15  1:24  Probe (Chrono Boost)  
  16  1:25  Pylon  
  16  1:29  Pylon  
  16  1:34  Pylon  
  16  1:46  Probe  
  16  1:58  Gateway, Probe (Chrono Boost)  
  16  1:59  Photon Cannon  
  17  2:04  Gateway  
  17  2:10  Assimilator  
  17  2:11  Probe (Chrono Boost)  
  17  2:15  Assimilator  
  18  2:17  Probe (Chrono Boost)  
  19  2:25  Probe  
  20  2:36  Pylon  
  20  2:47  Cybernetics Core  
  20  2:52  Zealot  
  20  2:54  Zealot  
  24  3:18  Warp Gate (Chrono Boost)  
  24  3:19  Pylon  
  24  3:29  Twilight Council  
  24  3:41  Stalker  
  26  3:42  Zealot  
  28  3:51  Gateway  
  28  4:01  Gateway  
  28  4:03  Gateway  
  28  4:12  Templar Archives  
  28  4:24  Probe  
  29  4:48  Pylon  
  29  4:55  High Templar  
  31  5:01  Charge (Chrono Boost)  
  31  5:03  Pylon  
  31  5:05  Pylon  
  31  5:06  Probe  
  32  5:10  High Templar  
  34  5:16  Archon  
  34  5:20  Zealot x2  
  38  5:24  Gateway  
  38  5:39  Zealot  
  38  5:42  High Templar  
  42  5:57  Zealot x2  
  46  6:08  High Templar  
  48  6:15  Archon  
  48  6:16  Zealot  
  48  6:17  Zealot  
  52  6:18  Zealot  
  52  6:23  Pylon  
  48  6:34  Stalker  
  33  6:42  Zealot x3  
Show
View Real Time Build Order
Export as new Build Order

SubN Zerg - Winner!

Build Orders: Pool First 

Get SALT Encoding   

  12  0:00  Drone  
  13  0:12  Overlord  
  13  0:17  Drone  
  14  0:30  Drone x2  
  16  0:37  Drone  
  17  0:51  Spawning Pool  
  16  1:18  Drone x3  
  19  1:29  Hatchery  
  18  1:49  Queen  
  18  1:51  Zergling x4  
  22  1:58  Extractor  
  22  1:59  Overlord  
  21  2:06  Drone  
  22  2:30  Drone x2  
  22  2:33  Hatchery  
  23  2:38  Overlord  
  23  2:44  Drone  
  24  2:52  Queen  
  26  2:59  Drone x2  
  26  3:04  Drone  
  26  3:05  Drone  
  30  3:07  Drone  
  30  3:10  Drone  
  32  3:13  Drone  
  32  3:15  Drone  
  34  3:20  Metabolic Boost  
  34  3:24  Drone  
  34  3:26  Drone  
  36  3:31  Drone x2  
  38  3:38  Queen  
  40  3:43  Queen  
  40  3:45  Drone  
  40  3:47  Drone  
  44  3:52  Queen  
  44  3:55  Drone  
  47  3:56  Drone  
  48  4:07  Drone x2  
  48  4:08  Drone, Extractor  
  50  4:15  Overlord x2  
  50  4:17  Overlord  
  50  4:33  Queen  
  52  4:43  Drone x12  
  64  4:54  Lair  
  64  5:01  Roach Warren  
  64  5:02  Evolution Chamber  
  64  5:03  Drone x3  
  64  5:05  Evolution Chamber  
  64  5:06  Extractor  
  63  5:08  Queen  
  63  5:12  Drone  
  63  5:13  Drone, Extractor  
  66  5:14  Overlord x2  
  66  5:15  Overlord x2  
  66  5:24  Overlord x4  
  66  5:32  Queen  
  68  5:40  Zergling x16  
  76  5:46  Zergling x4  
  76  5:47  Roach x4  
  86  5:53  Roach x3  
  92  6:04  Roach x2  
  92  6:06  Zergling x2  
  92  6:07  Zergling x4  
  99  6:17  Zergling x10  
  104  6:21  Drone  
  105  6:25  Baneling Nest  
  94  6:33  Roach x4  
  94  6:35  Zergling x2  
  94  6:36  Zergling x8  
Tags
 
Composition
Zealot Archon
Matchup
PvZ
Opening
Pool First
Replay Pack
2025 replay dump
Spawn Locations
Cross Positions
Add a new tag
Caveats
  • Supply blocks, unpowered buildings, or Contaminate may cause inaccurate times.
  • Supply counts are checked every 10 seconds.